 Dungeon Crawl Stone Soup version 0.25.0-1-g7eea58d (webtiles) character file.

Game seed: 8410500899620464296

294 edsrzf the Cudgeler (level 6, -4/57 HPs)
             Began as an Ogre Enchanter on June 27, 2020.
             Was a Follower of Cheibriados.
             Slain by a centaur (9 damage)
             ... on level 5 of the Dungeon.
             The game lasted 00:11:39 (6455 turns).

edsrzf the Cudgeler (Ogre Enchanter)                Turns: 6455, Time: 00:11:40

Health: -4/57      AC:  4    Str: 18    XL:     6   Next: 34%
Magic:  10/10      EV: 10    Int: 19    God:    Cheibriados [*.....]
Gold:   220        SH:  0    Dex: 12    Spells: 10/11 levels left

rFire    . . .     SeeInvis .   a - +0 whip
rCold    + . .     Gourm    .   (no shield)
rNeg     . . .     Faith    .   b - +0 robe
rPois    .         Spirit   .   (helmet restricted)
rElec    .         Reflect  .   r - +0 cloak
rCorr    .         Harm     .   (gloves unavailable)
MR       .....                  (boots unavailable)
Stlth    ++........             (no amulet)
HPRegen  0.19/turn              q - ring of protection from cold
MPRegen  0.12/turn              (no ring)

@: mighty, very slow
A: large, unfitting armour, tough skin 1
a: Bend Time, Renounce Religion


You were on level 5 of the Dungeon.
You worshipped Cheibriados.
Cheibriados was aware of your devotion.
You were not hungry.

You visited 1 branch of the dungeon, and saw 5 of its levels.

You collected 220 gold pieces.

Inventory:

Hand Weapons
 a - a +0 whip (weapon)
Missiles
 c - 182 stones
 w - 5 poisoned darts (quivered)
Armour
 b - a +0 robe (worn)
 r - a +0 cloak (worn)
Jewellery
 q - a ring of protection from cold (left hand)
Wands
 p - a wand of disintegration (10)
Scrolls
 f - a scroll of enchant weapon {unknown}
 j - 3 scrolls of teleportation {@r3}
 k - 3 scrolls of blinking {unknown}
 n - a scroll of amnesia {unknown}
 o - a scroll of enchant armour {unknown}
 s - a scroll of fear {unknown}
 v - a scroll of random uselessness {unknown}
Potions
 e - a potion of might
 g - a potion of invisibility {unknown}
 h - a potion of mutation {!q}
 i - a potion of haste {unknown}
 m - 2 potions of flight {unknown}
 t - a potion of curing {unknown}
 u - a potion of brilliance {unknown}
 x - a potion of heal wounds {unknown}
Comestibles
 d - 7 rations


   Skills:
 - Level 2.0 Fighting
   Level 0.8 Short Blades
 + Level 4.0 Maces & Flails
 + Level 3.0 Throwing
 - Level 1.7 Dodging
 - Level 2.1 Stealth
 - Level 3.0 Spellcasting
 - Level 2.6 Hexes


You had 10 spell levels left.
You knew the following spells:

 Your Spells              Type           Power        Failure   Level  Hunger
a - Corona                Hex            ##.....      4%          1    None

Your spell library contained the following spells:

 Spells                   Type           Power        Failure   Level  Hunger
 Ensorcelled Hibernation  Hex/Ice        #.....       13%         2    ##.....
 Confusing Touch          Hex            ##......     16%         3    ###....
 Tukima's Dance           Hex            ##......     16%         3    ###....
 Dazzling Flash           Conj/Hex       #.....       26%         3    ###....


Dungeon Overview and Level Annotations

Branches:
Dungeon (5/15)
 Temple: D:4-7

Altars:
Cheibriados
Gozag
Hepliaklqana
Makhleb
Qazlal
Sif Muna
Wu Jian

Shops:
D:4 (

Annotations:
D:2 Crazy Yiuf
D:3 Terence
D:4 exclusions: ogre and phantom


Innate Abilities, Weirdness & Mutations

You are too large for most types of armour.
You have tough skin. (AC +1)


Message History

c - 169 stones (gained 1)
x - a purple potion
w - 4 poisoned darts (gained 1)
w - 5 poisoned darts (gained 1)
Found 20 arrows.
c - 170 stones (gained 1)
c - 171 stones (gained 1)
Found an escape hatch in the ceiling.
c - 182 stones (gained 11)
You open the large door.
There is a large open door here.
There is a large open door here.
You open the door.
There is an open door here.
All of the chunks of flesh in your inventory have rotted away.
Found a stone staircase leading down.
An orc comes into view. It is wielding a +0 trident.
Found a scroll labeled ROXKIO CA GAS.
The orc hits you but does no damage.
Found a club.
You hit the orc but do no damage. The orc barely misses you.
You whack the orc!
The orc is almost dead.
The orc hits you with a +0 trident.
You hit the orc.
You kill the orc!
Cheibriados appreciates the change of pace.
Cheibriados raises the support of your attributes as your movement slows.
No target in view!
No target in view!
A hungry ghost comes into view.
Found 9 gold pieces.
Things that are here:
a +0 trident; a +0 ring mail; an orc corpse You close the door.
A hungry ghost opens the door.
Okay, then.
Evoke which item? (* to show all) (? for menu, Esc to quit)
Aiming: Disintegrate
Press: ? - help, Shift-Dir - straight line, f - hungry ghost
Aim: a hungry ghost (chance to defeat MR: 48%)
The hungry ghost is blasted!
Evoke which item? (* to show all) (? for menu, Esc to quit)
Aiming: Disintegrate
Press: ? - help, Shift-Dir - straight line, f/p - hungry ghost
Aim: a hungry ghost (moderately damaged, chance to defeat MR: 48%)
The hungry ghost resists with some effort.
You hear a shout!
A centaur comes into view.
The hungry ghost hits you.
You feel a lot more hungry.
You are feeling hungry.
The hungry ghost hits you.
You are feeling very hungry.
Evoke which item? (* to show all) (? for menu, Esc to quit)
Aiming: Disintegrate
Press: ? - help, Shift-Dir - straight line, f/p - hungry ghost
Aim: a hungry ghost (lightly damaged, chance to defeat MR: 48%)
The hungry ghost is blasted!
The hungry ghost hits you.
You are near starving!
Okay, then.
You eat one of the 9 rations.
That ration really hit the spot!
The hungry ghost hits you.
You feel a lot more hungry.
You hit the hungry ghost.
The hungry ghost is heavily damaged.
The centaur hits you. The hungry ghost hits you.
You feel a lot more hungry.
Okay, then.
You feel very mighty all of a sudden. The centaur misses you.
The hungry ghost hits you.
You are feeling hungry.
The centaur hits you but does no damage.
You barely miss the hungry ghost.
The hungry ghost is heavily damaged.
The centaur hits you. The hungry ghost hits you.
You are feeling very hungry.
You miss the hungry ghost.
The hungry ghost is heavily damaged.
The centaur hits you but does no damage.
The hungry ghost hits you.
You are near starving!
You closely miss the hungry ghost.
The hungry ghost is heavily damaged.
The centaur hits you. The centaur closely misses you.
You whack the hungry ghost!
The hungry ghost is almost destroyed.
The hungry ghost hits you.
You are starving!
The centaur hits you.
You barely miss the hungry ghost.
The hungry ghost is almost destroyed.
The centaur hits you!
* * * LOW HITPOINT WARNING * * *
The hungry ghost hits you.
* * * LOW HITPOINT WARNING * * *
You feel somewhat more hungry.
You eat one of the 8 rations.
That ration really hit the spot!
The centaur hits you!
* * * LOW HITPOINT WARNING * * *
The hungry ghost hits you.
* * * LOW HITPOINT WARNING * * *
You feel a lot more hungry. The centaur hits you!
You die...

##### #...# #...#
#...# . #...# ..
#...# c.. #...#
.... #..@# ...).
#######.cW##...?..
#.........)'......
#.##########......
#.# #####
#.################
#>................
#....####.########
#....# #.#


You could see a hungry ghost and a centaur.

Vanquished Creatures
  2 orc wizards
  4 worker ants
  Robin (D:3)
  3 adders (D:4)
  3 oozes
  2 worms
  2 dart slugs
  6 leopard geckos
  3 orcs (D:5)
  4 giant cockroaches (D:2)
  8 goblins
  13 hobgoblins
  A quokka (D:2)
  7 bats
  4 frilled lizards
  7 kobolds
  13 rats
  A fungus (D:2)
84 creatures vanquished.

Vanquished Creatures (others)
  A fungus (D:2)
1 creature vanquished.

Grand Total: 85 creatures vanquished

Notes
Turn   | Place    | Note
-------+----------+-------------------------------------------
     0 | D:1      | edsrzf the Ogre Enchanter began the quest for the Orb.
     0 | D:1      | Reached XP level 1. HP: 16/16 MP: 3/3
   183 | D:1      | Reached skill level 1 in Fighting
   243 | D:1      | Reached XP level 2. HP: 27/27 MP: 5/5
   267 | D:1      | Reached skill level 3 in Spellcasting
   339 | D:1      | Reached skill level 2 in Fighting
   727 | D:1      | Reached skill level 1 in Maces & Flails
   727 | D:1      | Reached XP level 3. HP: 35/35 MP: 5/7
  1510 | D:2      | Reached skill level 2 in Maces & Flails
  2146 | D:2      | Reached XP level 4. HP: 35/42 MP: 6/8
  2641 | D:2      | Identified 2 scrolls of teleportation
  2642 | D:2      | Identified 2 scrolls of identify
  2642 | D:2      | Identified 2 potions of might
  2643 | D:2      | Identified a scroll of remove curse
  3525 | D:2      | Found a runed translucent door.
  3526 | D:2      | Noticed Crazy Yiuf
  3990 | D:3      | Found a snail-covered altar of Cheibriados.
  3990 | D:3      | Found a burning altar of Makhleb.
  3992 | D:3      | Found an ornate altar of the Wu Jian Council.
  3993 | D:3      | Found a hazy altar of Hepliaklqana.
  3993 | D:3      | Found an opulent altar of Gozag.
  4010 | D:3      | Became a worshipper of Cheibriados the Contemplative
  4218 | D:3      | Identified 2 potions of degeneration
  4219 | D:3      | Identified a potion of mutation
  4227 | D:3      | Noticed Terence
  4365 | D:3      | Noticed Robin
  4388 | D:3      | Killed Robin
  4786 | D:4      | Reached skill level 3 in Maces & Flails
  4786 | D:4      | Reached skill level 1 in Throwing
  5109 | D:4      | Found Veoph's Antique Weapon Boutique.
  5173 | D:4      | Reached XP level 5. HP: 49/49 MP: 9/9
  5188 | D:4      | Noticed an ogre
  5350 | D:4      | Reached * piety under Cheibriados
  5453 | D:4      | Reached skill level 2 in Throwing
  5482 | D:4      | Noticed a phantom
  5518 | D:4      | Found a shimmering blue altar of Sif Muna.
  6015 | D:4      | Found a stormy altar of Qazlal.
  6106 | D:5      | Entered Level 5 of the Dungeon
  6141 | D:5      | Reached XP level 6. HP: 40/57 MP: 10/10
  6200 | D:5      | Reached skill level 4 in Maces & Flails
  6200 | D:5      | Reached skill level 3 in Throwing
  6440 | D:5      | Noticed a hungry ghost
  6455 | D:5      | Slain by a centaur

Illustrated notes

Levels and vault maps discovered:
D:1:      saegor_arrival_simple_b, layout_rooms, minmay_rat_gold_closets
D:2:      layout_loops_ring, uniq_crazy_yiuf_cottage
D:3:      layout_loops_ring, grunt_temple_overflow_open,
          corexii_item_surrounded_by_moat, uniq_terence, uniq_robin
D:4:      layout_basic, led_sif_book, first_ration, serial_shops,
          nicolae_shop_window_shopping, grunt_qazlal_sundering
D:5:      cheibrodos_two_vegetables, layout_basic, kennysheep_little_box,
          ebering_ghost_sewer_d, serial_shops, shop

Skill      XL: |  1  2  3  4  5  6 |
---------------+-------------------+-----
Fighting       | 1 2 |  2.0
Spellcasting   | 3 |  3.0
Maces & Flails | 1 2 3 4 |  4.0
Throwing       | 1 2 3 |  3.0
Short Blades   | |  0.8
Dodging        | |  1.7
Stealth        | |  2.1
Hexes          | |  2.6

Action                   |  1- 3 |  4- 6 || total
-------------------------+-------+-------++-------
Melee: Dagger            |   160 |    38 ||   198
       Whip              |       |   261 ||   261
Throw: Stone             |    34 |    10 ||    44
       Dart              |       |    41 ||    41
 Cast: Corona            |    16 |     3 ||    19
Evoke: Wand              |       |     3 ||     3
  Use: Scroll            |       |     7 ||     7
       Potion            |       |     1 ||     1
 Stab: Sleeping          |     6 |     2 ||     8
  Eat: Chunk             |     3 |     7 ||    10
       Ration            |       |     4 ||     4
Armor: Robe              |    35 |    66 ||   101
Dodge: Dodged            |    69 |   122 ||   191
